 Dungeon Crawl Stone Soup version 0.31-a0-983-g7b6862f502 (webtiles) character file.

Game seed: 9269823496324035401

5682 GloriousHammer the Grappler (level 10, 0/82 (92) HPs)
             Began as a Troll Chaos Knight on Oct 25, 2023.
             Was a Plaything of Xom.
             Slain by a wight
             ... wielding a +5 halberd of freezing
              (2 damage)
             ... on level 9 of the Dungeon on Nov 2, 2023.
             The game lasted 00:21:49 (6748 turns).

GloriousHammer the Grappler (Troll Chaos Knight)    Turns: 6748, Time: 00:21:51

HP:   0/82 (92)     AC:  8    Str: 29    XL:     10   Next: 47%
MP:   9/9           EV: 11    Int:  6    God:    Xom [*.....]
Gold: 1200          SH:  0    Dex: 18    Spells: 9/9 levels left

rFire   + .          .
                       - Unarmed
rCold   + + .        p - orb {light}
rNeg    . . .        I - +0 acid dragon scales
rPois   .            (helmet restricted)
rElec   .            l - scarf {rC+ rF+}
rCorr   +            (gloves unavailable)
SInv    .            (boots unavailable)
Will    .....        (no amulet)
Stlth   +            D - +6 ring of dexterity
HPRegen 1.13/turn    (no ring)
MPRegen 0.11/turn

%: clarity
@: about to teleport, glowing, heavily drained
A: large, unfitting armour, claws 3, regeneration 1, shaggy fur 1, tough skin 1,
horns 1, agile 1, clarity, cold resistance 1, mutation resistance 1, strong 1,
wild magic 1
a: Renounce Religion


You were on level 9 of the Dungeon.
You worshipped Xom.
You were a special plaything of Xom.
You visited 1 branch of the dungeon, and saw 9 of its levels.

You collected 1200 gold pieces.

Inventory:

Hand Weapons
 n - a +0 sling
 L - a +2 dagger of chaos
Missiles
 g - 2 poisoned darts
 h - 2 throwing nets
 x - 10 large rocks
 B - 6 boomerangs
 K - 6 curare-tipped darts
Armour
 e - a +0 cloak
 l - a scarf of resistance (worn)
 p - an orb of light (worn)
 F - a +1 robe of cold resistance
 I - +0 acid dragon scales (worn)
Jewellery
 C - a ring of ice
 D - a +6 ring of dexterity (left claw)
Talismans
 q - a maw talisman
Wands
 o - a wand of flame (15)
 A - a wand of iceblast (5)
Scrolls
 c - 7 scrolls of teleportation
 d - 2 scrolls of fog
 f - 4 scrolls of revelation
 j - 3 scrolls of enchant weapon
 u - a scroll of summoning
 v - 2 scrolls of immolation
 w - a scroll of silence {unknown}
 y - a scroll of poison {unknown}
 E - a scroll of blinking {unknown}
 G - 4 scrolls of vulnerability {unknown}
 J - a scroll of noise {unknown}
Potions
 i - 2 potions of brilliance
 k - 2 potions of lignification
 m - 5 potions of curing
 s - a potion of ambrosia {unknown}
 t - 2 potions of haste {unknown}
 z - 3 potions of magic
 H - a potion of mutation {unknown}


   Skills:
 + Level 4.1 Fighting
 - Level 5.0 Throwing
 + Level 1.1 Armour
 + Level 3.6 Dodging
 * Level 12.6 Unarmed Combat
 + Level 2.7 Evocations
 + Level 3.2 Shapeshifting


You had 9 spell levels left.
You didn't know any spells.
Your spell library contained the following spells:

 Spells                   Type           Power      Damage    Failure   Level
 Sandblast                Erth           0%         2d4       61%         1
 Ensorcelled Hibernation  Hex/Ice        0%         N/A       73%         2
 Jinxbite                 Hex            0%         N/A       73%         2
 Momentum Strike          Conj/Tloc      0%         3d8       73%         2
 Call Canine Familiar     Summ           0%         N/A       91%         3
 Hailstorm                Conj/Ice       0%         3d3       91%         3
 Sigil of Binding         Hex            0%         N/A       91%         3
 Volatile Blastmotes      Fire/Tloc      0%         2d10      91%         3
 Anguish                  Hex/Necr       0%         N/A       100%        4
 Brom's Barrelling Bould  Conj/Erth      0%         2d3       100%        4
 Dimensional Bullseye     Hex/Tloc       0%         N/A       100%        4
 Fulminant Prism          Conj/Hex       0%         3d5       100%        4
 Iskenderun's Mystic Bla  Conj/Tloc      0%         2d3       100%        4
 Leda's Liquefaction      Hex/Erth       0%         N/A       100%        4
 Summon Ice Beast         Ice/Summ       0%         N/A       100%        4
 Simulacrum               Ice/Necr       0%         N/A       100%        6
 Lehudib's Crystal Spear  Conj/Erth      0%         10d2      100%        8


Dungeon Overview and Level Annotations

Branches:
Dungeon (9/15)             Temple (0/1) D:4             Orc (0/2) D:9
   Lair: D:8-11

Altars:
Gozag
Hepliaklqana
Kikubaaqudgha
Nemelex Xobeh
Qazlal
Ru
Vehumet
Yredelemnul
The Shining One


Innate Abilities, Weirdness & Mutations

You are too large for most types of armour.
You have claws for hands.
Your natural rate of healing is unusually fast.
You are covered in fur. (AC +1)
You have tough skin. (AC +1)
You have a pair of small horns on your head.
You are agile. (Dex +4, Str/Int -1)
You possess an exceptional clarity of mind.
Your flesh is cold resistant. (rC+)
You are somewhat resistant to further mutation.
Your muscles are strong. (Str +4, Int/Dex -1)
Your spells are a little harder to cast, but a little more powerful.


Message History

The killer bee buzzes angrily.
You mangle the killer bee!!
You kill the killer bee!
You feel sick.
You feel sick.
The killer bee stings you but does no damage.
A wight comes into view. It is wielding a +0 trident.
You see here a killer bee corpse.
You feel sick. The killer bee stings you. The killer bee closely misses you.
A wight comes into view.
It is wielding a +5 halberd of freezing.
You see here a +0 orcbow.
You feel sick.
The killer bee attacks as it pursues you!
The killer bee barely misses you.
A wight comes into view.
It is wielding a +2 halberd of freezing.
The killer bee barely misses you.
You scratch the killer bee.
The killer bee is lightly wounded.
The killer bee closely misses you.
You closely miss the killer bee.
The killer bee is lightly wounded.
You feel sick. The killer bee misses you.
A wight comes into view. It is wielding a +0 arbalest.
The killer bee barely misses you.
You claw the killer bee! You headbutt the killer bee.
The killer bee is almost dead.
You feel sick. The killer bee barely misses you.
You closely miss the killer bee.
The killer bee is almost dead.
You feel sick.
You are no longer poisoned.
The killer bee stings you.
You are poisoned.
The killer bee poisons you! The killer bee stings you.
The wight hits you from afar with a +0 trident!
You mangle the killer bee!!
You kill the killer bee!
You feel sick. The killer bee stings you.
A wight comes into view. It is wielding a +0 long sword.
The wight hits you but does no damage.
You barely miss the killer bee.
You feel sick. The killer bee stings you.
The wight hits you from afar with a +5 halberd of freezing!
You feel drained. The wight freezes you.
You claw the killer bee!
You kill the killer bee!
You feel sick.
The wight shoots a bolt.
The bolt barely misses you.
The wight hits you from afar with a +0 trident.
You feel drained.
You feel sick.
The wight hits you with a +5 halberd of freezing!
* * * LOW HITPOINT WARNING * * *
The wight freezes you.
* * * LOW HITPOINT WARNING * * *
The wight misses you. The wight closely misses you.
Things that are here:
a +0 orcbow; a killer bee corpse You scratch the wight but do no damage.
You feel sick.
The wight hits you with a +5 halberd of freezing.
* * * LOW HITPOINT WARNING * * *
The wight hits you but does no damage. The wight completely misses you.
You scratch the wight.
The wight is moderately damaged.
You feel sick. The wight misses you. The wight completely misses you.
You claw the wight!
The wight is severely damaged.
You feel sick.
The wight hits you with a +5 halberd of freezing!
* * * LOW HITPOINT WARNING * * *
Xom is highly amused!
You feel drained.
* * * LOW HITPOINT WARNING * * *
Xom roars with laughter!
Okay, then.
Okay, then.
It was a potion of heal wounds.
You feel much better.
You feel sick. The wight hits you but does no damage.
The wight closely misses you.
The wight hits you with a +5 halberd of freezing.
* * * LOW HITPOINT WARNING * * *
As you read the scroll of teleportation, it crumbles to dust.
You feel strangely unstable.
You feel sick.
You are no longer poisoned.
The wight hits you with a +0 trident!
* * * LOW HITPOINT WARNING * * *
The wight closely misses you.
The wight unwields a +0 arbalest.
The wight wields a +1 scimitar.
The wight hits you with a +1 scimitar.
* * * LOW HITPOINT WARNING * * *
The wight hits you with a +5 halberd of freezing!
* * * LOW HITPOINT WARNING * * *
The wight freezes you.
* * * LOW HITPOINT WARNING * * *
You feel much better. The wight hits you with a +0 trident!
* * * LOW HITPOINT WARNING * * *
The wight hits you from afar with a +2 halberd of freezing.
* * * LOW HITPOINT WARNING * * *
The wight closely misses you.
The wight hits you with a +5 halberd of freezing!
* * * LOW HITPOINT WARNING * * *
You feel drained.
You die...
Xom is highly amused! ..#.#...# #...# ........# #..!# #.......# ##...# #.......# #.... #.......# #...# '.......# #...# #......)# #.zz# #.......#. #zzz#

#.......#. #####@##
...######.##..##.#
..<# ......#.....#
...# ......+.....#
...######.....#####
#...#......8......#
#...#.............#
#...#.....Z.......#
#...................


You could see 5 wights and an orc skeleton (wandering).

Vanquished Creatures
  Pikel (D:4)
  Jeremiah (D:8)
  Psyche (D:8)
  Grinder (D:4)
  A hornet (D:5)
  A wyvern (D:9)
  Eustachio (D:6)
  3 yaks (D:8)
  2 steam dragons
  Edmund (D:4)
  2 acid dragons
  A water moccasin (D:7)
  2 orc warriors
  A black bear (D:6)
  An ogre (D:6)
  4 centaurs
  2 phantoms
  3 lemures (D:4)
  A kobold brigand (D:9)
  2 bullfrogs (D:8)
  A gnoll sergeant (D:7)
  2 scorpions
  4 wights (D:8)
  4 killer bees (D:9)
  3 troll zombies (D:9)
  6 howler monkeys
  A jelly (D:6)
  4 orc priests
  5 hounds
  A gnoll bouda (D:8)
  Jessica (D:2)
  2 iguanas (D:5)
  Terence (D:2)
  5 orc wizards
  4 ogre zombies (D:9)
  15 gnolls
  5 adders
  7 river rats (D:6)
  A shadow imp (D:5)
  A white imp (D:5)
  A worm (D:3)
  A dart slug (D:1)
  22 orcs
  9 bats
  9 endoplasms
  6 goblins
  8 hobgoblins
  7 kobolds
  10 quokkas
  6 ball pythons
  5 frilled lizards
  3 gnoll skeletons (D:9)
  A gnoll zombie (D:9)
  2 orc skeletons (D:9)
  5 orc zombies (D:9)
  17 rats
217 creatures vanquished.

Vanquished Creatures (collateral kills)
  2 gnolls (D:8)
  An orc (D:4)
  2 gnoll zombies (D:9)
  An orc skeleton (D:9)
  6 orc zombies (D:9)
12 creatures vanquished.

Grand Total: 229 creatures vanquished

Notes
Turn   | Place    | Note
-------+----------+-------------------------------------------
     0 | D:1      | GloriousHammer the Troll Chaos Knight began the quest for
                  | the Orb.
     0 | D:1      | Reached XP level 1. HP: 22/22 MP: 0/0
    20 | D:1      | XOM: divination: detect items
    90 | D:1      | Reached XP level 2. HP: 27/29 MP: 1/1
   121 | D:1      | XOM: silly message
   281 | D:1      | Reached skill level 4 in Unarmed Combat
   441 | D:1      | XOM: cloud trail
   546 | D:2      | XOM: enchant monster (bad)
   642 | D:2      | Noticed Terence
   648 | D:2      | XOM: silly message
   652 | D:2      | Killed Terence
   653 | D:2      | Reached XP level 3. HP: 20/36 MP: 2/2
   775 | D:2      | XOM: god gift: 40 gold pieces
   809 | D:2      | XOM: god gift: 616 gold pieces
   951 | D:2      | XOM: summons 2 hostile demons
   971 | D:2      | XOM: give mutations
   971 | D:2      | Gained mutation: Your flesh is cold resistant. (rC+) [Xom's
                  | grace]
   971 | D:2      | Gained mutation: You are agile. (Dex +4, Str/Int -1) [Xom's
                  | grace]
   971 | D:2      | Gained mutation: You possess an exceptional clarity of
                  | mind. [Xom's grace]
   971 | D:2      | Gained mutation: Your spells are a little harder to cast,
                  | but a little more powerful. [Xom's grace]
  1087 | D:2      | Noticed Jessica
  1090 | D:2      | Killed Jessica
  1091 | D:2      | Reached skill level 5 in Unarmed Combat
  1091 | D:2      | Reached XP level 4. HP: 43/44 MP: 3/3
  1331 | D:3      | Found a faded altar of an unknown god.
  1335 | D:3      | Found a hazy altar of Hepliaklqana.
  1462 | D:3      | Found an opulent altar of Gozag.
  1662 | D:3      | XOM is BORED!
  1662 | D:3      | XOM: summons 3 hostile demons
  1716 | D:3      | Found a sparkling altar of Nemelex Xobeh.
  1774 | D:3      | XOM: noise
  1776 | D:3      | Reached XP level 5. HP: 46/50 MP: 4/4
  1778 | D:3      | Found a sacrificial altar of Ru.
  1781 | D:3      | Found a glowing golden altar of the Shining One.
  1784 | D:3      | Found a basalt altar of Yredelemnul.
  1872 | D:3      | Upgraded the game from 0.31-a0-963-ga325b2283a to
                  | 0.31-a0-983-g7b6862f502
  1945 | D:3      | Found an ancient bone altar of Kikubaaqudgha.
  2056 | D:4      | Identified the "Xeup Elo"
  2074 | D:4      | XOM: summons friendly ufetubus
  2076 | D:4      | Reached skill level 6 in Unarmed Combat
  2195 | D:4      | Noticed a lemure
  2195 | D:4      | Noticed a lemure
  2196 | D:4      | Noticed Pikel
  2223 | D:5      | Entered Level 5 of the Dungeon
  2287 | D:5      | Reached XP level 6. HP: 59/59 MP: 5/5
  2295 | D:5      | XOM: divination: detect creatures
  2299 | D:5      | Reached skill level 7 in Unarmed Combat
  2325 | D:5      | XOM: noise
  2602 | D:5      | Noticed a hornet
  2611 | D:5      | Killed a hornet
  2612 | D:5      | Reached skill level 8 in Unarmed Combat
  2612 | D:5      | Reached XP level 7. HP: 17/66 MP: 6/6
  3153 | D:4      | Reached skill level 9 in Unarmed Combat
  3186 | D:4      | Found a staircase to the Ecumenical Temple.
  3257 | D:4      | Noticed Grinder
  3274 | D:4      | Killed Grinder
  3351 | D:4      | XOM: silly message
  3358 | D:4      | XOM: give mutations
  3358 | D:4      | Gained mutation: Your muscles are strong. (Str +4, Int/Dex
                  | -1) [Xom's grace]
  3358 | D:4      | Gained mutation: You have a pair of small horns on your
                  | head. [Xom's grace]
  3423 | D:4      | XOM: god gift: metallic amethyst potion {god gift}
  3434 | D:4      | XOM: summons 3 friendly demons
  3435 | D:4      | Killed Pikel
  3436 | D:4      | Reached skill level 10 in Unarmed Combat
  3436 | D:4      | Reached XP level 8. HP: 39/74 MP: 7/7
  3750 | D:4      | Noticed Edmund
  3761 | D:4      | Killed Edmund
  3784 | D:4      | XOM: summons 5 hostile demons
  3936 | D:4      | XOM: cloud trail
  3987 | D:6      | Noticed Eustachio
  4001 | D:6      | Killed Eustachio
  4019 | D:6      | XOM: enchant monster (good)
  4026 | D:6      | Reached skill level 11 in Unarmed Combat
  4109 | D:6      | XOM: fake destruction
  4111 | D:6      | Reached XP level 9. HP: 72/80 MP: 8/8
  4214 | D:6      | Found a stormy altar of Qazlal.
  4352 | D:6      | XOM: divination: detect items
  4363 | D:6      | XOM: divination: detect creatures
  4651 | D:7      | XOM: smoke on damage
  4656 | D:7      | Reached skill level 1 in Shapeshifting
  4833 | D:7      | XOM: blink monster(s)
  4839 | D:7      | Reached skill level 1 in Evocations
  4979 | D:7      | XOM: polymorph sky beast -> acid dragon
  5416 | D:8      | XOM: scenery: summon butterflies
  5418 | D:8      | XOM: confuse monster(s)
  5423 | D:8      | XOM: summons 9 friendly demons
  5481 | D:8      | Reached skill level 12 in Unarmed Combat
  5510 | D:8      | Noticed Jeremiah
  5510 | D:8      | XOM: summons 4 friendly demons
  5517 | D:8      | Killed Jeremiah
  5558 | D:8      | XOM: enchant monster (good)
  5591 | D:8      | Reached XP level 10. HP: 91/91 MP: 9/9
  5749 | D:8      | Noticed Psyche
  5808 | D:8      | Killed Psyche
  5814 | D:8      | XOM: cast spell 'Alistair's Intoxication'
  6199 | D:9      | XOM: cast spell 'Alistair's Intoxication'
  6204 | D:9      | Reached skill level 5 in Throwing
  6459 | D:9      | Found a radiant altar of Vehumet.
  6485 | D:9      | Found a staircase to the Orcish Mines.
  6485 | D:9      | XOM: summons 8 friendly demons
  6507 | D:9      | XOM: give mutation
  6507 | D:9      | Gained mutation: You are somewhat resistant to further
                  | mutation. [Xom's grace]
  6696 | D:9      | XOM: fog
  6727 | D:9      | Reached skill level 1 in Armour
  6745 | D:9      | HP: 1/85 [wight/+5 halberd of freezing (6)]
  6748 | D:9      | Slain by a wight

Illustrated notes

Levels and vault maps discovered:
D:1:      erik_arrival_blinker_ship, layout_rooms
D:2:      minmay_door_path, layout_loops_ring, uniq_terence, uniq_jessica
D:3:      layout_basic, lemuel_coloured_pillars_altar,
          nicolae_gozag_cash_rules_everything_around_me,
          grunt_temple_overflow_diamond, nemelex_dance_club_becter,
          nicolae_overflow_ecumenical_swirl
D:4:      layout_loops_corners, minmay_temple_entry_offerings,
          dreamdust_princess_corridor, uniq_pikel, uniq_edmund, uniq_grinder
D:5:      layout_loops_ring, serial_bayou_lagoon_b
D:6:      lemuel_ratsnest, layout_basic, nicolae_qazlal_scattered_showers,
          uniq_eustachio
D:7:      layout_cave_pods
D:8:      layout_basic, serial_curves, eino_curves_03, eino_curves_01,
          eino_curves_03, uniq_jeremiah, uniq_psyche
D:9:      layout_gridville, mainiacjoe_overflow_tiny_flanked, zombieorc2_lemuel,
          serial_co_window_serial, co_window_of_opportunity_a,
          co_window_paths_a, co_window_paths_a, co_window_corner_a,
          co_window_paths_a, co_window_of_opportunity_a, co_window_corner_a,
          co_window_corner_cb, co_window_broadway_b, co_window_paths_c,
          co_window_4corner_b, glass_columns_b, glass_columns_c, glass_columns_c

Skill      XL: |  1  2  3  4  5  6  7  8  9 10 |
---------------+-------------------------------+-----
Unarmed Combat | 4 5 6 8 10 11 12 | 12.6
Throwing       | 2 3 4 5 |  5.0
Dodging        | 3 |  3.6
Shapeshifting  | 2 3 |  3.2
Evocations     | 2 |  2.7
Fighting       | 3 4 |  4.1
Armour         | 1 |  1.1

Action                     |  1- 3 |  4- 6 |  7- 9 | 10-12 || total
---------------------------+-------+-------+-------+-------++-------
  Melee: Unarmed           |    93 |   105 |   200 |    98 ||   496
         Punch             |     1 |       |       |       ||     1
         Headbutt          |       |       |    40 |    15 ||    55
    Use: Scroll            |       |     9 |     1 |     3 ||    13
         Potion            |       |       |       |     2 ||     2
   Stab: Sleeping          |       |     1 |       |       ||     1
         Confused          |       |       |     2 |       ||     2
 Armour: Robe              |    52 |    75 |   141 |    14 ||   282
         Acid dragon scale |       |       |       |    75 ||    75
         Skin              |       |       |       |     2 ||     2
  Dodge: Dodged            |    35 |    57 |   105 |    58 ||   255

Table legend: (Time is in decaauts)
 A = Elapsed time spent in this place.
 B = Non-inter-level travel time spent in this place.
 C = Inter-level travel time spent in this place.
 D = Time resting spent in this place.
 E = Time spent auto-exploring this place.
 F = Levels seen in this place.
 G = Mean time per level.
                   A        B        C        D        E       F      G
               +--------+--------+--------+--------+--------+-----+--------+
         Total |   6648 |   6339 |    309 |    107 |   3886 |   9 |  738.7 |
       Dungeon |   6648 |   6339 |    309 |    107 |   3886 |   9 |  738.7 |
               +--------+--------+--------+--------+--------+-----+--------+

Top non-repeatable levels by time:
     D:4: 1118 daAuts
     D:2: 803 daAuts
     D:5: 794 daAuts
     D:7: 781 daAuts
     D:3: 727 daAuts
     D:8: 713 daAuts
     D:9: 605 daAuts
     D:6: 592 daAuts
     D:1: 513 daAuts
